 Dungeon Crawl Stone Soup version 0.32-a0-41-gec2d92a32c (webtiles) character file.

Game seed: 2953291005030339988

13892 seren the Arsonist (level 12, -10/111 HPs)
             Began as an Oni Fire Elementalist on Jan 23, 2024.
             Was a Priest of Vehumet.
             Hit by a javelin thrown by Urug (27 damage)
             ... on level 1 of the Lair of Beasts on Jan 25, 2024.
             The game lasted 01:23:21 (16479 turns).

seren the Arsonist (Oni Fire Elementalist)         Turns: 16479, Time: 01:23:22

Health: -10/111    AC:  5    Str: 15    XL:     12   Next: 10%
Magic:  24/24      EV: 11    Int: 20    God:    Vehumet [***...]
Gold:   716        SH:  0    Dex:  9    Spells: 12/27 levels left

rFire   . . .        t - +2 whip (elec)
rCold   . . .        (no shield)
rNeg    . . .        C - +0 troll leather armour
rPois   +            (helmet restricted)
rElec   .            r - +0 cloak
rCorr   .            (gloves unavailable)
SInv    +            (boots unavailable)
Will    +....        m - amulet of magic regeneration
Stlth   ++           j - ring of poison resistance
HPRegen 1.18/turn    q - ring of see invisible
MPRegen 0.59/turn

%: no passive effects
@: about to teleport
A: large, unfitting armour, horns 1, tough skin 1, double potion healing,
drunken brawling
a: Renounce Religion


You were on level 1 of the Lair of Beasts.
You worshipped Vehumet.
Vehumet was most pleased with you.
You visited 4 branches of the dungeon, and saw 14 of its levels.

You collected 716 gold pieces.

Inventory:

Hand Weapons
 e - a +0 short sword of electrocution
 t - a +2 whip of electrocution (weapon)
 y - a +3 dagger of venom
 E - a +5 dagger
 H - a +0 hand axe of flaming
Missiles
 u - 4 boomerangs
 G - a throwing net
 I - 9 large rocks
Armour
 a - a +0 robe
 r - a +0 cloak (worn)
 C - a +0 troll leather armour (worn)
Magical Staves
 c - a staff of earth
Jewellery
 b - an amulet of faith
 i - a +6 ring of strength
 j - a ring of poison resistance (left hand)
 m - an amulet of magic regeneration (around neck)
 q - a ring of see invisible (right hand)
Wands
 d - a wand of roots (16)
 A - a wand of polymorph (5)
Scrolls
 f - 4 scrolls of amnesia
 g - a scroll of teleportation {!r}
 k - 2 scrolls of poison
 l - 2 scrolls of enchant weapon {unknown}
 n - 2 scrolls of silence {unknown}
 o - 2 scrolls of torment
 s - 4 scrolls of enchant armour {unknown}
 v - 4 scrolls of vulnerability
 x - a scroll of fear {unknown}
 J - a scroll of noise {unknown}
Potions
 h - 5 potions of curing
 p - 3 potions of resistance {unknown}
 w - a potion of mutation {unknown}
 B - 3 potions of enlightenment {unknown}
 D - 2 potions of lignification {unknown}
Miscellaneous
 z - a sack of spiders
 F - a condenser vane


   Skills:
 - Level 5.0 Fighting
 - Level 4.0 Armour
 + Level 7.0 Dodging
 - Level 4.0 Stealth
 + Level 8.4 Spellcasting
 + Level 6.5 Conjurations
 - Level 4.0 Hexes
 * Level 9.7 Fire Magic
 * Level 2.3 Earth Magic
 + Level 3.8 Evocations


You had 12 spell levels left.
You knew the following spells:

 Your Spells              Type           Power      Damage    Failure   Level
a - Foxfire               Conj/Fire      100%       2x1d9     1%          1
b - Scorch                Fire           94%        2d8       1%          2
c - Inner Flame           Hex/Fire       36%        N/A       1%          3
d - Flame Wave            Conj/Fire      41%        2d11      1%          4
l - Lee's Rapid Deconstr  Erth           8%         3d7*      26%         5

Your spell library contained the following spells:

 Spells                   Type           Power      Damage    Failure   Level
 Hailstorm                Conj/Ice       21%        3d7       2%          3
 Kiss of Death            Conj/Necr      84%        2d11      1%          1
 Sandblast                Erth           34%        2d9       1%          1
 Shock                    Conj/Air       84%        1d8       1%          1
 Sting                    Conj/Alch      84%        1d8       1%          1
 Stone Arrow              Conj/Erth      52%        3d10      1%          3
 Volatile Blastmotes      Fire/Tloc      56%        2d14      1%          3
 Jinxbite                 Hex            48%        N/A       3%          2
 Mercury Vapours          Alch/Air       16%        N/A       4%          2
 Brom's Barrelling Bould  Conj/Erth      26%        2d5       4%          4
 Confusing Touch          Hex            24%        N/A       6%          3
 Ensorcelled Hibernation  Hex/Ice        32%        N/A       7%          2
 Passwall                 Erth           17%        N/A       12%         3
 Irradiate                Conj/Alch      10%        3d15      19%         5
 Airstrike                Air            4%         2d(1-17)  24%         4
 Olgreb's Toxic Radiance  Alch           8%         N/A       24%         4
 Summon Ice Beast         Ice/Summ       8%         N/A       30%         3
 Swiftness                Air            8%         N/A       30%         3
 Yara's Violent Unravell  Hex/Alch       8%         3d5       30%         5
 Bombard                  Conj/Erth      13%        9d3       50%         6
 Leda's Liquefaction      Alch/Erth      6%         N/A       52%         4
 Dispel Undead            Necr           8%         3d8       69%         4
 Summon Mana Viper        Hex/Summ       16%        N/A       77%         5
 Ignition                 Fire           23%        3d8       94%         8
 Enfeeble                 Hex            12%        N/A       100%        7
 Monstrous Menagerie      Summ           4%         N/A       100%        7


Dungeon Overview and Level Annotations

Branches:
Dungeon (11/15)            Temple (1/1) D:6            Lair (1/5) D:11
    Orc (1/2) D:10

Altars:
Ashenzari
Cheibriados
Dithmenos
Elyvilon
Fedhas
Gozag
Hepliaklqana
Kikubaaqudgha
Makhleb
Nemelex Xobeh
Okawaru
Qazlal
Ru
Sif Muna
Trog
Uskayaw
Vehumet
Wu Jian
Xom
Yredelemnul
Zin
The Shining One

Shops:
D:4 *

Annotations:
D:5 exclusion: 2 electric eels
D:10 5 runed translucent doors, exclusions: downstairs and orange crystal statue, Melkor's ghost, journeyman GnHu
D:11 exclusion: two-headed ogre
Lair:1 1 runed translucent door, Urug; casual's ghost, journeyman DjAE


Innate Abilities, Weirdness & Mutations

You are too large for most types of armour.
You have a pair of small horns on your head.
You have tough skin. (AC +1)
You gain doubled healing and magic from potions.
Whenever you drink a healing potion, you attack all around you.


Message History

* * * LOW HITPOINT WARNING * * *
You stumble backwards!
The bush is engulfed in blazing flames.
The elephant closely misses you.
The elephant trunk-slaps you but does no damage.
The bush is engulfed in blazing flames.
The elephant tramples you!
* * * LOW HITPOINT WARNING * * *
You hold your ground!
The elephant trunk-slaps you.
* * * LOW HITPOINT WARNING * * *
The bush is engulfed in blazing flames.
The elephant tramples you!
* * * LOW HITPOINT WARNING * * *
You stumble backwards!
As you read the scroll of teleportation {!r}, it crumbles to dust.
You feel strangely unstable. The elephant tramples you.
* * * LOW HITPOINT WARNING * * *
You hold your ground!
The elephant trunk-slaps you but does no damage.
The elephant closely misses you. The elephant trunk-slaps you.
* * * LOW HITPOINT WARNING * * *
The elephant barely misses you. x2; The elephant attacks as it pursues you!
The elephant misses you.
The elephant trunk-slaps you but does no damage.
The elephant attacks as it pursues you! The elephant misses you.
The elephant trunk-slaps you but does no damage.
Your surroundings suddenly seem different.
A yak comes into view.
Found a brass wand.
The yak bellows! x2; You hear a shout!
The yak attacks as it pursues you! The yak gores you!
* * * LOW HITPOINT WARNING * * *
You enter a teleport trap!
The teleport trap disappears.
Your surroundings seem slightly different.
Urug the Orcish Ballista comes into view.
She is wielding a +1 battleaxe of electrocution and wearing a +2 chain mail of cold resistance.
Found 8 stones.
The air fills with toxic fumes!
As you read the scroll of poison, it crumbles to dust.
As you read the scroll of teleportation {!r}, it crumbles to dust.
You feel strangely unstable.
Urug throws a javelin.
The javelin pierces through you!!
You die...
Urug screams, "Revenge at last!"

#§§§§#§§§ §§§o§§§§§
§§§§§§§§§ §§§§§§§§###
§§§§§§§§§§ §§§§§§§§§##
§§§§§§§§§§##
§§§§§§§@§§§## ##
§§§§§§#P§§§§##.#
§§§§§.§YY§§§§§##
§§§§.§§§§.§§§§§###
§§§.§§§§§§§§§§§..#
§§.§§§§§§§§§§§§...###
§.§§§§§§##########..####
§§§##### ###...# ..
#...#


You could see Urug and 2 yaks.

Vanquished Creatures
  A cyclops (D:10)
  6 elephants
  A cane toad (D:11)
  A gargoyle (D:11)
  2 komodo dragons
  2 hornets
  A troll (D:10)
  Grinder (D:3)
  Prince Ribbit (D:5)
  3 wyverns (D:10)
  21 yaks
  3 steam dragons
  5 water moccasins
  4 orc warriors
  A sky beast (D:7)
  2 black bears
  3 ogres
  3 centaurs
  2 phantoms
  5 bullfrogs
  2 gnoll sergeants
  6 scorpions
  23 wights
  18 killer bees
  2 electric eels (D:5)
  3 bombardier beetles
  3 jellies
  5 orc priests
  A gnoll bouda (D:10)
  2 sleepcaps
  3 iguanas
  Terence (D:3)
  8 orc wizards
  13 gnolls
  5 adders
  A white imp (D:7)
  2 ufetubi (D:5)
  A dart slug (D:4)
  39 orcs
  4 ball pythons
  4 endoplasms
  A giant cockroach (D:1)
  9 hobgoblins
  5 jackals
  2 quokkas
  3 bats
  2 frilled lizards (D:2)
  5 goblins
  6 kobolds
  4 rats (D:3)
  A butterfly (D:6)
252 creatures vanquished.

Vanquished Creatures (collateral kills)
  A foxfire (D:5)
1 creature vanquished.

Vanquished Creatures (others)
  526 foxfires
526 creatures vanquished.

Grand Total: 779 creatures vanquished

Notes
Turn   | Place    | Note
-------+----------+-------------------------------------------
     0 | D:1      | seren the Oni Fire Elementalist began the quest for the
                  | Orb.
     0 | D:1      | Reached XP level 1. HP: 16/16 MP: 3/3
   145 | D:1      | Reached skill level 1 in Conjurations
   198 | D:1      | Reached XP level 2. HP: 23/24 MP: 0/5
  1003 | D:1      | Reached skill level 3 in Fire Magic
  1003 | D:1      | Reached XP level 3. HP: 14/31 MP: 2/7
  1117 | D:2      | Learned a level 2 spell: Scorch
  1403 | D:2      | Found a glowing silver altar of Zin.
  1420 | D:2      | Reached XP level 4. HP: 40/40 MP: 4/8
  1838 | D:2      | Reached skill level 1 in Fighting
  1858 | D:2      | Learned a level 3 spell: Inner Flame
  2246 | D:3      | Noticed Grinder
  2262 | D:3      | Paralysed by Grinder for 3 turns
  2266 | D:3      | Killed Grinder
  2267 | D:3      | Reached skill level 4 in Fire Magic
  2267 | D:3      | Reached XP level 5. HP: 33/50 MP: 1/10
  2267 | D:3      | Reached XP level 6. HP: 39/59 MP: 1/11
  2364 | D:3      | Found a hide-covered altar of Uskayaw.
  2645 | D:3      | Noticed Terence
  2804 | D:3      | Killed Terence
  3267 | D:3      | Found an ancient bone altar of Kikubaaqudgha.
  3437 | D:4      | Reached XP level 7. HP: 54/66 MP: 3/12
  4051 | D:4      | Found Foadasim's Assorted Antiques.
  4283 | D:4      | Reached skill level 1 in Hexes
  4694 | D:5      | Entered Level 5 of the Dungeon
  4891 | D:5      | Found a sacrificial altar of Ru.
  4908 | D:5      | Found a stormy altar of Qazlal.
  5127 | D:5      | Upgraded the game from 0.32-a0-38-gb04dd89b9b to
                  | 0.32-a0-40-g2adb59ae06
  5225 | D:5      | Reached XP level 8. HP: 45/75 MP: 14/14
  5229 | D:5      | Reached skill level 5 in Fire Magic
  5431 | D:5      | Noticed Prince Ribbit
  6264 | D:6      | Found a staircase to the Ecumenical Temple.
  6274 | Temple   | Entered the Ecumenical Temple
  6286 | Temple   | Became a worshipper of Vehumet
  6313 | D:6      | Identified 2 scrolls of acquirement
  6326 | D:5      | Acquired a book of Spontaneous Combustion
  6331 | D:5      | Acquired a book of Misfortune
  6542 | D:6      | Found a shadowy altar of Dithmenos.
  6729 | D:6      | Found a burning altar of Makhleb.
  7148 | D:6      | Found a bloodstained altar of Trog.
  7274 | D:6      | Found a shimmering altar of Xom.
  7589 | D:7      | Reached skill level 5 in Spellcasting
  7589 | D:7      | Reached XP level 9. HP: 54/87 MP: 12/16
  7598 | D:7      | Reached skill level 5 in Fighting
  7598 | D:7      | Reached skill level 6 in Fire Magic
  7879 | D:7      | Found a snail-covered altar of Cheibriados.
  8695 | D:8      | Reached * piety under Vehumet
  8695 | D:8      | Offered knowledge of Freeze by Vehumet.
  9152 | D:8      | Reached skill level 7 in Fire Magic
  9162 | D:8      | Reached skill level 5 in Dodging
 10067 | D:9      | Noticed a hornet
 10075 | D:9      | Killed a hornet
 10076 | D:9      | Reached XP level 10. HP: 96/96 MP: 14/19
 10907 | D:9      | Reached skill level 1 in Evocations
 10908 | D:9      | Reached skill level 5 in Conjurations
 11366 | D:9      | Reached ** piety under Vehumet
 11367 | D:9      | Reached skill level 8 in Fire Magic
 11368 | D:9      | Offered knowledge of Searing Ray by Vehumet.
 11841 | D:10     | Entered Level 10 of the Dungeon
 11898 | D:10     | Learned a level 4 spell: Flame Wave
 11909 | D:10     | Upgraded the game from 0.32-a0-40-g2adb59ae06 to
                  | 0.32-a0-41-gec2d92a32c
 12007 | D:11     | Noticed a gargoyle
 12196 | D:10     | Found a runed translucent gate.
 12196 | D:10     | Found a runed translucent gate.
 12199 | D:10     | Noticed a spectral centaur warrior
 12201 | D:10     | Found a runed translucent gate.
 12217 | D:10     | Noticed Melkor's ghost (journeyman GnHu)
 12218 | D:10     | Noticed a spectral centaur warrior
 12372 | D:10     | Reached skill level 1 in Armour
 12468 | D:10     | Noticed a cyclops
 12640 | D:10     | Found a hazy altar of Hepliaklqana.
 12735 | D:10     | Killed a cyclops
 12789 | D:10     | Offered knowledge of Momentum Strike by Vehumet.
 12862 | D:10     | Found a runed translucent door.
 12868 | D:10     | Found the +10 tower shield of Ignorance {rN+ Int-4}
 12884 | D:10     | Found a runed translucent door.
 12908 | D:10     | Noticed an orange crystal statue
 13088 | D:10     | Found a broken altar of Ashenzari.
 13146 | D:10     | Found a staircase to the Orcish Mines.
 13319 | D:11     | Found a broken altar of Ashenzari.
 13320 | D:11     | Noticed a gargoyle
 13341 | D:11     | Killed a gargoyle
 13342 | D:11     | Reached XP level 11. HP: 36/102 MP: 6/22
 13484 | D:11     | Noticed a two-headed ogre
 13533 | D:11     | Noticed a skeletal warrior
 14179 | D:5      | Killed Prince Ribbit
 14262 | Orc:1    | Entered Level 1 of the Orcish Mines
 14262 | Orc:1    | Noticed an orc knight
 14386 | D:10     | Reached *** piety under Vehumet
 14520 | D:10     | Reached skill level 9 in Fire Magic
 14684 | D:11     | Found a staircase to the Lair.
 14712 | Lair:1   | Entered Level 1 of the Lair of Beasts
 14723 | Lair:1   | Found a runed translucent door.
 14734 | Lair:1   | Found a shimmering altar of Xom.
 14734 | Lair:1   | Noticed a +2 rapier of chaos
 14734 | Lair:1   | Noticed casual's ghost (journeyman DjAE)
 14871 | D:11     | Offered knowledge of Hailstorm by Vehumet.
 15342 | Lair:1   | Learned a level 5 spell: Lee's Rapid Deconstruction
 15545 | D:11     | Reached skill level 1 in Earth Magic
 15657 | Lair:1   | Reached XP level 12. HP: 90/111 MP: 7/24
 16477 | Lair:1   | Noticed Urug
 16479 | Lair:1   | Hit by a javelin thrown by Urug

Illustrated notes

Levels and vault maps discovered:
D:1:      matt_arrival_refuge, layout_basic
D:2:      wander_river, layout_basic, basic_altar
D:3:      layout_rooms, mainiacjoe_overflow_cross_hatched, lemuel_tele_altar,
          serial_rivers, chequers_serial_rivers_room_a,
          chequers_serial_rivers_micro_d, chequers_serial_rivers_micro_d,
          chequers_serial_rivers_micro_b, uniq_grinder, uniq_terence
D:4:      layout_loops_ring, serial_shops, kennysheep_mini
D:5:      cheibrodos_two_vegetables, layout_rooms, nicolae_ru_awakened_eye,
          old_standard_altar, uniq_prince_ribbit1
D:6:      layout_loops_ring, mainiacjoe_overflow_alcove_2,
          regret_index_xom_buried_treasure, amcnicky_altar_gilded,
          lemuel_crystal_altar, minmay_temple_entry_butterflies
D:7:      layout_basic, cheibriados_altar_1
D:8:      layout_basic
D:9:      layout_basic
D:10:     layout_rooms, mainiacjoe_overflow_small_starburst,
          overflow_temple_1_default, hiddenorc1_lemuel,
          gammafunk_ghost_necromancy, amcnicky_mini_rare_corridor_liquid,
          chequers_guarded_unrand_ignorance
D:11:     layout_basic, minmay_lair_entry_grove, evilmike_ruin_ashenzari
Temple:   jpeg_temple_clearing
Lair:1:   layout_cave_pods, ebering_ghost_xom, uniq_urug
Orc:1:    layout_caves, uniq_jorgrun

Skill      XL: |  1  2  3  4  5  6  7  8  9 10 11 12 |
---------------+-------------------------------------+-----
Conjurations   | 1 2 3 4 5 6 |  6.5
Dodging        | 2 3 4 5 6 7 |  7.0
Fire Magic     | 3 4 5 7 8 9 |  9.7
Fighting       | 2 3 4 5 |  5.0
Spellcasting   | 3 4 5 6 7 8 |  8.4
Stealth        | 2 3 4 |  4.0
Hexes          | 1 2 3 4 |  4.0
Evocations     | 2 3 |  3.8
Armour         | 2 4 |  4.0
Earth Magic    | 1 2 |  2.3

Action                     |  1- 3 |  4- 6 |  7- 9 | 10-12 || total
---------------------------+-------+-------+-------+-------++-------
  Melee: Staff             |     2 |       |       |       ||     2
         Short sword       |     1 |     9 |    57 |       ||    67
         Headbutt          |       |     2 |     9 |     4 ||    15
         Punch             |       |       |     1 |     2 ||     3
         Whip              |       |       |       |     5 ||     5
  Throw: Throwing net      |       |       |     1 |       ||     1
   Cast: Foxfire           |    39 |    60 |   112 |   121 ||   332
         Scorch            |       |    17 |    46 |   285 ||   348
         Inner Flame       |       |       |    29 |     8 ||    37
         Flame Wave        |       |       |       |    31 ||    31
  Evoke: Sack of spiders   |       |       |       |     1 ||     1
    Use: Scroll            |       |       |    10 |     8 ||    18
         Potion            |       |       |     3 |     4 ||     7
 Armour: Robe              |    43 |    43 |   122 |    37 ||   245
         Troll leather arm |       |       |       |   323 ||   323
  Dodge: Dodged            |    26 |    32 |    73 |   191 ||   322

Table legend: (Time is in decaauts)
 A = Elapsed time spent in this place.
 B = Non-inter-level travel time spent in this place.
 C = Inter-level travel time spent in this place.
 D = Time resting spent in this place.
 E = Time spent auto-exploring this place.
 F = Levels seen in this place.
 G = Mean time per level.
                   A        B        C        D        E       F      G
               +--------+--------+--------+--------+--------+-----+--------+
         Total |  16527 |  15181 |   1346 |   3376 |   4980 |  14 | 1180.5 |
       Dungeon |  15403 |  14105 |   1298 |   3220 |   4864 |  11 | 1400.3 |
        Temple |     23 |     23 |      0 |      0 |      0 |   1 |   23.0 |
          Lair |   1097 |   1050 |     47 |    156 |    116 |   1 | 1097.0 |
  Orcish Mines |      2 |      2 |      0 |      0 |      0 |   1 |    2.0 |
               +--------+--------+--------+--------+--------+-----+--------+

Top non-repeatable levels by time:
     D:8: 2086 daAuts
     D:5: 1998 daAuts
    D:10: 1687 daAuts
     D:9: 1603 daAuts
     D:4: 1431 daAuts
     D:6: 1306 daAuts
     D:1: 1226 daAuts
     D:3: 1146 daAuts
     D:7: 1111 daAuts
  Lair:1: 1097 daAuts
     D:2: 1052 daAuts
    D:11: 752 daAuts
  Temple: 23 daAuts
   Orc:1: 2 daAuts
